 Dungeon Crawl Stone Soup version 0.21-a0-95-g06f091e (webtiles) character file.

140 grindst0ne the Sneak (level 5, -11/41 HPs)
             Began as a Merfolk Assassin on July 4, 2017.
             Was a Follower of Dithmenos.
             Mangled by an iguana (14 damage)
             ... on level 3 of the Dungeon.
             The game lasted 00:04:51 (2902 turns).

grindst0ne the Sneak (Merfolk Assassin)             Turns: 2902, Time: 00:04:52

Health: -11/41     AC:  4    Str: 11    XL:     5   Next: 23%
Magic:  5/5        EV: 11    Int: 10    God:    Dithmenos [*.....]
Gold:   152        SH:  0    Dex: 17    Spells: 4/4 levels left

rFire    + . .     SeeInvis .   a - +2 dagger
rCold    + . .     Gourm    .   (no shield)
rNeg     . . .     Faith    .   c - +0 robe
rPois    +         Spirit   .   (no helmet)
rElec    +         Reflect  .   d - +0 cloak
rCorr    +         Harm     .   q - +0 pair of gloves
MR       .....                  (no boots)
Stlth    +++.......             (no amulet)
HPRegen  0.13/turn              (no ring)
MPRegen  0.09/turn              (no ring)

@: resistant (expiring), wreathed by umbra, heavily drained
A: change form in water, swift swim, stealthy swim
a: Renounce Religion


You were on level 3 of the Dungeon.
You worshipped Dithmenos.
Dithmenos was aware of your devotion.
You were not hungry.

You visited 1 branch of the dungeon, and saw 4 of its levels.

You collected 152 gold pieces.

Inventory:

Hand Weapons
 a - a +2 dagger (weapon)
 b - a +0 blowgun
Missiles
 e - 41 poisoned needles
 f - 2 curare-tipped needles
Armour
 c - a +0 robe (worn)
 d - a +0 cloak (worn)
 q - a +0 pair of gloves (worn)
 s - a +0 leather armour
Jewellery
 v - an uncursed amulet of harm
Scrolls
 j - 2 scrolls of teleportation {unknown}
 m - a scroll of blinking {unknown}
 p - a scroll of enchant armour {unknown}
 r - 2 scrolls of remove curse {unknown}
 u - a scroll of identify {unknown}
Potions
 l - a potion of heal wounds {unknown}
 n - 3 potions of berserk rage {unknown}
 o - 2 potions of curing {unknown}
 t - a potion of might {unknown}
Comestibles
 g - 2 bread rations
 h - a meat ration
 k - a royal jelly
 w - 2 chunks of flesh


   Skills:
 + Level 3.4(1.8) Fighting
 + Level 3.9(2.2) Short Blades
 - Level 2.0(0.4) Throwing
 - Level 1.3(0.0) Dodging
 * Level 5.9(4.2) Stealth


You had 4 spell levels left.
You didn't know any spells.

Dungeon Overview and Level Annotations

Branches:
Dungeon (4/15)
 Temple: D:4-7

Altars:
Ashenzari
Dithmenos
Nemelex Xobeh
Trog


Message History

You hit the iguana but do no damage. You barely miss the iguana.
The iguana bites you.
* * * LOW HITPOINT WARNING * * *
You hit the iguana but do no damage. The iguana bites you.
* * * LOW HITPOINT WARNING * * *
The iguana closely misses you.
The iguana hisses menacingly.
You hit the iguana.
The iguana is lightly wounded.
The iguana bites you but does no damage.
You barely miss the iguana.
The iguana is lightly wounded.
You hit the iguana but do no damage.
The iguana is lightly wounded.
You start to feel less resistant.
The iguana closely misses you.
You completely miss the iguana.
The iguana is lightly wounded.
The iguana bites you!
You die...

#################
#.............l.#
#.#############@#
#.# #.# #.# #.#
##.# #.# ...# #.#
#### #.# #.# #.#
### #.#


You could see an iguana.

Vanquished Creatures
  2 orc wizards (D:3)
  2 adders
  An ooze (D:3)
  A dart slug (D:1)
  A worm (D:2)
  2 leopard geckos
  5 orcs
  2 ball pythons
  5 giant cockroaches
  7 goblins
  2 hobgoblins
  2 jackals (D:3)
  8 bats
  2 frilled lizards
  4 kobolds (D:3)
  4 rats
50 creatures vanquished.

Notes
Turn   | Place    | Note
-------+----------+-------------------------------------------
     0 | D:1      | grindst0ne the Merfolk Assassin began the quest for the Orb.
     0 | D:1      | Reached XP level 1. HP: 16/16 MP: 1/1
    41 | D:1      | Found a shattered altar of Ashenzari.
   280 | D:1      | Reached XP level 2. HP: 23/23 MP: 2/2
  1280 | D:2      | Reached skill level 5 in Stealth
  1280 | D:2      | Reached XP level 3. HP: 26/28 MP: 3/3
  1387 | D:2      | Found a shadowy altar of Dithmenos.
  1448 | D:2      | Became a worshipper of Dithmenos the Shadowed
  1737 | D:3      | Reached XP level 4. HP: 34/34 MP: 4/4
  1938 | D:3      | Found a sparkling altar of Nemelex Xobeh.
  1994 | D:3      | Reached XP level 5. HP: 39/41 MP: 5/5
  2523 | D:3      | Found a bloodstained altar of Trog.
  2699 | D:4      | Reached * piety under Dithmenos
  2845 | D:3      | HP: 1/41 [iguana (10)]
  2893 | D:3      | HP: 2/41 [iguana (2)]
  2902 | D:3      | Mangled by an iguana

Vault maps used:
D:1:      dpeg_arrival_radiant, evilmike_ruin_ashenzari
D:2:      nicolae_dithmenos_shadow_blocks, first_bread
D:3:      lemuel_crystal_altar, lemuel_crystal_altar
D:4:      overflow_temple_1_default, gammafunk_temple_overflow_claw,
          uniq_duvessa

Skill      XL: |  1  2  3  4 |
---------------+-------------+-----
Short Blades   | 3 |  3.9
Stealth        | 5 |  5.9
Fighting       | 3 |  3.4
Throwing       | |  2.0
Dodging        | |  1.3

Action                   |  1- 3 |  4- 6 || total
-------------------------+-------+-------++-------
Melee: Dagger            |    79 |   107 ||   186
  Use: Potion            |       |     1 ||     1
 Stab: Sleeping          |     6 |     8 ||    14
  Eat: Chunk             |     3 |     3 ||     6
Armor: Robe              |    31 |    15 ||    46
Dodge: Dodged            |    50 |    54 ||   104
